 Dungeon Crawl Stone Soup version 0.27-a0-1081-ge8a0a9c698 (webtiles) character file.

Game seed: 13559169902928613582

141 voltaire321 the Insei (level 5, -4/34 HPs)
             Began as an Octopode Transmuter on Apr 26, 2021.
             Slain by an adder (5 damage)
             ... on level 4 of the Dungeon.
             The game lasted 00:09:04 (4380 turns).

voltaire321 the Insei (Octopode Transmuter)         Turns: 4380, Time: 00:09:04

Health: -4/34      AC:  1    Str: 10    XL:     5   Next: 24%
Magic:  7/9        EV: 13    Int: 21    God:
Gold:   89         SH:  0    Dex: 13    Spells: 3/9 levels left

rFire    . . .     SeeInvis .     - Unarmed
rCold    . . .     Faith    .   (no shield)
rNeg     . . .     Spirit   .   (helmet currently unavailable)
rPois    .         Reflect  .   (no amulet)
rElec    .         Harm     .   d - +6 ring of intelligence
rCorr    .         Rampage  .   (no ring)
Will     .....                  (no ring)
Stlth    ++........             (no ring)
HPRegen  0.11/turn              (no ring)
MPRegen  0.11/turn              (no ring)
                                (no ring)
                                (no ring)

@: appendages (expiring), wereblooded
A: tentacle spike 3, almost no armour, amphibious, 8 rings, camouflage 1,
gelatinous body 1, (nimble swimmer 1), tentacles
a: End Transformation


You were on level 4 of the Dungeon.
One of your tentacles had grown a beastly spike.
You visited 1 branch of the dungeon, and saw 4 of its levels.

You collected 89 gold pieces.

Inventory:

Jewellery
 d - a +6 ring of intelligence (left tentacle)
 j - a ring of fire
Scrolls
 a - a scroll of teleportation
 g - 2 scrolls of brand weapon
 h - a scroll of amnesia
 i - a scroll of magic mapping
 k - a scroll of noise {unknown}
 m - a scroll of fog {unknown}
 n - a scroll of vulnerability {unknown}
Potions
 b - 3 potions of curing {unknown}
 c - a potion of attraction {unknown}
 e - a potion of heal wounds {unknown}
 f - a potion of invisibility {unknown}
 l - a potion of magic {unknown}


   Skills:
 + Level 2.1 Fighting
 + Level 2.8 Dodging
 + Level 3.6 Unarmed Combat
 + Level 2.7 Spellcasting
 + Level 2.8 Transmutations
 + Level 1.2 Poison Magic


You had 3 spell levels left.
You knew the following spells:

 Your Spells              Type           Power      Damage    Failure   Level
a - Beastly Appendage     Tmut           28%        N/A       4%          1
b - Wereblood             Tmut           14%        N/A       6%          2
c - Spider Form           Tmut/Pois      5%         N/A       17%         3

Your spell library contained the following spells:

 Spells                   Type           Power      Damage    Failure   Level
 Ice Form                 Ice/Tmut       8%         N/A       58%         4
 Hydra Form               Tmut           7%         N/A       75%         5


Dungeon Overview and Level Annotations

Branches:
Dungeon (4/15)
 Temple: D:4-7

Altars:


Innate Abilities, Weirdness & Mutations

One of your tentacles has grown a beastly spike.
You cannot wear most types of armour.
You are amphibious.
You can wear up to eight rings at the same time.
Your skin changes colour to match your surroundings (Stealth+).
Your rubbery body absorbs attacks. (AC +1, EV +1)
((You are camouflaged near water. (Stealth+)))
You have tentacles for arms and can constrict up to eight enemies at once.


Message History

You are frozen.
You tentacle-slap the endoplasm.
You pierce the endoplasm, but do no damage.
You squeeze the endoplasm.
You kill the endoplasm!
The phantom hits you.
You closely miss the phantom.
You howl as the wereblood boils in your veins!
You hear an angry hiss.
The phantom hits you!
You tentacle-slap the phantom.
The phantom is lightly damaged.
The phantom barely misses you.
You tentacle-slap the phantom. Your squeeze misses the phantom.
The phantom is moderately damaged.
The phantom barely misses you.
Your magical contamination has completely faded away.
You closely miss the phantom.
You pierce the phantom.
The phantom is moderately damaged.
The phantom hits you!
* * * LOW HITPOINT WARNING * * *
The phantom blinks!
You blink.
A ball python and an adder come into view.
You closely miss the phantom.
The phantom is moderately damaged.
You howl as the wereblood boils in your veins!
The adder hisses angrily.
You barely miss the phantom.
The phantom is moderately damaged.
The phantom hits you!
* * * LOW HITPOINT WARNING * * *
You howl as the wereblood boils in your veins!
The ball python bites you.
* * * LOW HITPOINT WARNING * * *
The ball python misses you. The adder barely misses you.
Your transformation is almost over.
Found 15 gold pieces.
You see here a scroll of teleportation.
The adder bites you.
You die...

# #. ... #.#.# ..
.#.##.##### .........#
#..$.....# # #........# #.
##........#
.##.##...@.....#
.......SS......#
#.#.....W...........
#.#..#...#..####...##
.....................
#.#..#........##...# # #
#...........##...# #..#
#..#........##...###..##
.....#....................


You could see a phantom, an adder and a ball python.

Vanquished Creatures
  7 adders
  2 worms
  A dart slug (D:2)
  3 orcs (D:3)
  3 bats
  7 endoplasms
  4 giant cockroaches
  7 goblins
  6 hobgoblins
  A jackal (D:3)
  5 quokkas
  2 ball pythons
  4 frilled lizards
  6 kobolds
  7 rats
65 creatures vanquished.

Notes
Turn   | Place    | Note
-------+----------+-------------------------------------------
     0 | D:1      | voltaire321 the Octopode Transmuter began the quest for the
                  | Orb.
     0 | D:1      | Reached XP level 1. HP: 13/13 MP: 3/3
   175 | D:1      | Reached XP level 2. HP: 18/18 MP: 3/5
   344 | D:1      | Learned a level 2 spell: Wereblood
   798 | D:1      | Found a faded altar of an unknown god.
  1409 | D:2      | Reached XP level 3. HP: 23/23 MP: 4/6
  1413 | D:2      | Learned a level 3 spell: Spider Form
  2152 | D:2      | Reached XP level 4. HP: 21/29 MP: 5/7
  3062 | D:3      | Reached skill level 1 in Poison Magic
  3919 | D:3      | Reached XP level 5. HP: 14/34 MP: 8/8
  4351 | D:4      | Noticed a phantom
  4374 | D:4      | HP: 1/34 [ball python (2)]
  4380 | D:4      | Slain by an adder

Illustrated notes

Levels and vault maps discovered:
D:1:      erik_arrival_cave_to_civilisation [erik_arrival_cave_to_hall],
          layout_loops_ring, shapermc_ecumenical_altar_hornbeckon
D:2:      layout_loops_ring, serial_aquarium, aquarium_bridge_straight
          [aquarium_subvault_bridge, aquarium_subvault_wall,
          aquarium_subvault_bridge, aquarium_subvault_wall],
          aquarium_bridge_square [aquarium_subvault_wall,
          aquarium_subvault_wall, aquarium_subvault_wall,
          aquarium_subvault_bridge], aquarium_window_1, aquarium_window_fake,
          aquarium_window_1, aquarium_view_2f, aquarium_view_2a,
          aquarium_balcony_3a, aquarium_pool_S
D:3:      minmay_bubble_buster, layout_loops_ring
D:4:      layout_basic, kiku_gazebo_pond_becter, small_statue_intersection,
          minmay_small_thing

Skill      XL: |  1  2  3  4 |
---------------+-------------+-----
Fighting       | 2 |  2.1
Poison Magic   | 1 |  1.2
Dodging        | |  2.8
Unarmed Combat | |  3.6
Spellcasting   | |  2.7
Transmutations | |  2.8

Action                   |  1- 3 |  4- 6 || total
-------------------------+-------+-------++-------
Melee: Unarmed           |    75 |    78 ||   153
       Kick              |    26 |    21 ||    47
       Constrict         |    20 |    15 ||    35
       Tentacles         |    16 |    11 ||    27
       Punch             |     1 |     1 ||     2
 Cast: Beastly Appendage |    25 |    14 ||    39
       Wereblood         |       |     3 ||     3
  Use: Scroll            |     2 |     3 ||     5
 Stab: Sleeping          |     7 |     4 ||    11
Armor: Skin              |     3 |     2 ||     5
Dodge: Dodged            |    36 |    38 ||    74

Table legend: (Time is in decaauts)
 A = Elapsed time spent in this place.
 B = Non-inter-level travel time spent in this place.
 C = Inter-level travel time spent in this place.
 D = Time resting spent in this place.
 E = Time spent auto-exploring this place.
 F = Levels seen in this place.
 G = Mean time per level.
                   A        B        C        D        E       F      G
               +--------+--------+--------+--------+--------+-----+--------+
         Total |   4369 |   4092 |    277 |   1129 |   2394 |   4 | 1092.2 |
       Dungeon |   4369 |   4092 |    277 |   1129 |   2394 |   4 | 1092.2 |
               +--------+--------+--------+--------+--------+-----+--------+

Top non-repeatable levels by time:
     D:3: 1645 daAuts
     D:1: 1352 daAuts
     D:2: 1256 daAuts
     D:4: 115 daAuts
